Map: Dasan Station LE

Players

Fropez

  • Race: Protoss Protoss
  • League: Gold
  • Spawn Location: 6:00

Maecenas - Winner!

  • Race: Zerg Zerg
  • Spawn Location: 12:00

VOD

Have the link to the VOD?

Description

Time

  • Played on: Oct. 20, 2016, 2:58 p.m.
  • Length: 12:02
Show
View Real Time Build Order
Export as new Build Order

Fropez Protoss 

Build Orders: Mass Adepts 

Get SALT Encoding   

  12  0:02  Probe (Chrono Boost)  
  13  0:21  Pylon  
  13  0:22  Probe (Chrono Boost)  
  14  0:33  Probe (Chrono Boost)  
  15  0:45  Gateway  
  15  0:47  Gateway  
  15  0:50  Gateway  
  15  0:53  Probe (Chrono Boost)  
  16  1:04  Probe (Chrono Boost), Assimilator  
  17  1:14  Probe (Chrono Boost)  
  17  1:16  Pylon  
  18  1:25  Probe (Chrono Boost)  
  19  1:35  Probe (Chrono Boost)  
  20  1:41  Cybernetics Core  
  20  1:46  Probe (Chrono Boost)  
  21  1:56  Gateway  
  21  2:00  Probe (Chrono Boost)  
  22  2:02  Gateway  
  22  2:04  Assimilator  
  22  2:20  Warp Gate (Chrono Boost)  
  22  2:28  Probe (Chrono Boost)  
  23  2:36  Adept  
  25  2:39  Mothership Core (Chrono Boost)  
  25  2:41  Adept  
  29  2:45  Adept  
  31  2:51  Pylon  
  31  3:09  Adept  
  33  3:13  Adept x2  
  34  3:41  Nexus  
  34  3:46  Pylon  
  32  3:49  Mothership Core (Chrono Boost)  
  34  4:28  Adept x4  
  42  4:33  Pylon  
  42  4:34  Probe  
  43  4:46  Twilight Council, Probe  
  44  5:01  Probe  
  44  5:03  Probe  
  46  5:18  Robotics Facility  
  46  5:20  Gateway  
  46  5:27  Resonating Glaives (Chrono Boost)  
  46  5:37  Adept  
  46  5:38  Adept  
  46  5:40  Adept  
  52  5:55  Adept  
  54  6:03  Adept x3  
  38  6:57  Probe  
  38  6:59  Probe  
  34  7:03  Assimilator  
  34  7:07  Assimilator  
  34  7:13  Warp Prism  
  34  7:14  Pylon  
  36  7:17  Gateway  
  36  7:19  Dark Shrine  
  36  7:27  Adept x4  
  40  7:40  Pylon  
  40  7:43  Pylon  
  36  8:04  Stalker  
  36  8:05  Stalker x4  
  46  8:19  Gateway  
  44  8:21  Pylon  
  42  8:27  Blink (Chrono Boost)  
  42  8:32  Forge  
  42  8:34  Forge  
  42  8:43  Dark Templar  
  42  8:48  Dark Templar x2  
  42  9:26  Immortal  
  46  9:31  Stalker x3  
  46  9:32  Stalker  
  46  9:34  Probe  
  46  9:35  Probe  
  56  9:45  Protoss Ground Weapons Level 1  
  56  10:06  Dark Templar  
  52  10:08  Stalker  
  52  10:09  Stalker  
  45  10:29  Dark Templar  
  45  10:34  Dark Templar  
  45  10:40  Dark Templar  
  39  10:50  Dark Templar  
  39  10:53  Probe  
  39  10:55  Probe  
  43  11:04  Probe  
  43  11:07  Probe  
  45  11:21  Stalker x2  
  49  11:32  Nexus  
  49  11:37  Probe  
  49  11:38  Probe  
  51  11:50  Probe, Gateway  
Show
View Real Time Build Order
Export as new Build Order

Maecenas Zerg - Winner!

Build Orders: Pool First 

Get SALT Encoding   

  12  0:02  Drone  
  13  0:08  Drone  
  14  0:20  Overlord  
  14  0:33  Spawning Pool  
  13  0:36  Drone  
  13  0:40  Drone  
  15  0:44  Drone  
  15  0:48  Drone  
  17  0:57  Drone  
  18  1:17  Drone, Hatchery  
  18  1:20  Drone  
  18  1:22  Extractor  
  18  1:30  Drone  
  19  1:41  Drone  
  19  1:44  Roach Warren  
  19  1:52  Queen  
  19  1:53  Drone  
  22  2:06  Overlord  
  22  2:15  Overlord  
  22  2:18  Extractor  
  21  2:24  Drone  
  21  2:27  Queen  
  24  2:32  Drone  
  24  2:35  Drone  
  26  2:42  Zergling x2  
  27  2:45  Queen  
  27  2:49  Zergling x2  
  30  2:53  Zergling x2  
  30  2:56  Zergling x2  
  32  3:00  Zergling x2  
  32  3:01  Zergling x4  
  32  3:03  Zergling x2  
  36  3:10  Zergling x2  
  36  3:12  Zergling x2  
  38  3:20  Zergling x2  
  39  3:36  Roach  
  39  3:37  Roach  
  43  3:55  Overlord  
  43  3:56  Overlord x5  
  43  4:02  Drone  
  44  4:05  Overlord  
  44  4:06  Overlord  
  44  4:40  Drone x2  
  44  4:41  Drone x2  
  44  4:42  Zergling x4  
  44  4:43  Roach x3  
  56  4:47  Drone  
  57  4:54  Drone  
  57  4:56  Drone x2  
  57  4:57  Drone  
  57  4:59  Roach  
  63  5:01  Lair  
  63  5:02  Drone  
  63  5:07  Roach  
  66  5:09  Drone  
  66  5:11  Drone  
  68  5:28  Roach x3  
  74  5:33  Roach  
  76  5:38  Drone  
  76  5:39  Drone x2  
  76  5:41  Drone  
  80  5:44  Roach  
  82  5:54  Roach x2  
  86  6:02  Drone  
  87  6:16  Roach x4  
  87  6:17  Zergling x2, Roach x2  
  100  6:27  Hatchery  
  96  6:39  Roach x3  
  100  6:40  Roach  
  100  6:45  Zergling x4, Roach  
  100  6:46  Zergling x6  
  101  6:52  Drone  
  99  7:00  Roach  
  99  7:01  Roach  
  101  7:07  Drone x2  
  101  7:08  Drone  
  104  7:10  Extractor  
  104  7:11  Drone x2  
  104  7:14  Extractor  
  104  7:23  Zergling x2, Roach  
  104  7:25  Overlord x3  
  99  7:49  Roach  
  99  7:50  Roach x3  
  99  7:51  Zergling x6  
  106  7:53  Drone x3  
  106  7:54  Queen  
  111  8:02  Drone x2  
  111  8:03  Drone  
  96  8:16  Roach x3  
  98  8:26  Roach  
  100  8:39  Drone x2  
  100  8:40  Drone x7  
  109  8:51  Roach x2  
  109  8:52  Roach  
  114  9:01  Overseer x2  
  110  9:03  Roach  
  110  9:04  Zergling x4  
  105  9:17  Drone x2  
  105  9:18  Drone x7  
  105  9:19  Drone x2  
  116  9:24  Drone  
  116  9:29  Drone x2  
  118  9:35  Overlord  
  109  10:04  Roach x3  
  109  10:05  Roach x7  
  109  10:06  Roach  
  127  10:11  Tunneling Claws, Hydralisk Den  
  127  10:12  Metabolic Boost  
  121  10:16  Roach x2  
  121  10:22  Roach x2  
  121  10:27  Zergling x4  
  118  10:36  Extractor  
  118  10:37  Extractor  
  114  10:44  Hydralisk x3  
  114  10:45  Hydralisk  
  110  10:53  Queen  
  110  10:55  Roach x2  
  110  10:56  Roach  
  106  10:59  Overseer  
  106  11:01  Roach x2  
  102  11:05  Hydralisk, Roach x2  
  102  11:08  Hydralisk  
  102  11:11  Roach  
  106  11:14  Hydralisk  
  106  11:16  Roach  
  110  11:20  Hydralisk  
  110  11:25  Zergling x8  
  116  11:37  Hydralisk x2  
  116  11:38  Hydralisk  
  122  11:40  Overlord x2  
Tags
 
Composition
Mass Adepts
League
Gold
Matchup
PvZ
Opening
Pool First
Replay Pack
All Mines
Spawn Locations
Cross Positions
Add a new tag
Caveats
  • Supply blocks, unpowered buildings, or Contaminate may cause inaccurate times.
  • Supply counts are checked every 10 seconds.